Penguins vs Predators
Created - February 26, 2023 at 19:02
Goals
|
| Penguins |
0 |
4 |
2 |
6 |
| Predators |
2 |
0 |
0 |
2 |
|
Shots
|
| Penguins |
8 |
10 |
11 |
29 |
| Predators |
11 |
7 |
9 |
27 |
|
1st period
1. Predators , Alexander Ovechkin 15 (Mikael Granlund 33, Scott Laughton 9) at 1:36
2. Predators , Alexander Ovechkin 16 (Alexander Edler 21, Kari Lehtonen) at 2:47
Penalties :
Cal Clutterbuck (Pit) for Holding Stick (Minor) at 13:03, Justin Abdelkader (Nas) for Tripping (Minor) at 15:48
2nd period
3. Penguins , Brendan Gallagher 14 (Marcus Johansson 23, Oscar Klefbom 14) at 5:19 (PP)
4. Penguins , Brandon Tanev 9 (Cal Clutterbuck 15, Danny DeKeiser 18) at 7:50
5. Penguins , Cal Clutterbuck 13 (Brandon Tanev 6, Oscar Klefbom 15) at 8:02
6. Penguins , Marcus Johansson 16 (Derek Stepan 24, Danny DeKeiser 19) at 16:26 (SH)
Penalties :
Justin Abdelkader (Nas) for Roughing (Minor) at 0:52, Jamie Benn (Pit) for Hooking (Minor) at 1:36, Jaden Schwartz (Nas) for Slashing (Minor) at 4:23, Alexander Ovechkin (Nas) for Holding (Minor) at 5:42, Justin Schultz (Pit) for Hooking (Minor) at 11:41, Cal Clutterbuck (Pit) for Tripping (Minor) at 15:34
3rd period
7. Penguins , Marcus Foligno 17 (Marcus Johansson 24, Derek Stepan 25) at 13:42
8. Penguins , Derek Stepan 20 (Marcus Johansson 25) at 18:40 (PP)
Penalties :
Jaden Schwartz (Nas) for Holding (Minor) at 18:37
Goalie Stats
Andrei Vasilevskiy (Pit), 25 saves from 27 shots - (0.926), W, 17-12-4, 60:00 minutes
Jaroslav Halak (Nas), 10 saves from 12 shots - (0.833), 23:34 minutes
Kari Lehtonen (Nas), 13 saves from 17 shots - (0.765), L, 18-13-2, 36:26 minutes
Players Stats for Penguins
Player Name G A P +/- PIM S H SB GA TA FO MP PP MP PK MP
------------------------------------------------------------------------------------
Anze Kopitar 0 0 0 -1 0 5 1 2 2 1 15/31 23:49 3:21 3:51
Ben Lovejoy 0 0 0 1 0 1 1 0 0 1 0/0 11:01 0:00 0:50
Brandon Tanev 1 1 2 1 0 1 0 0 0 1 0/0 9:59 0:00 0:00
Brendan Gallagher 1 0 1 -1 0 3 3 0 2 0 0/1 19:39 3:21 0:00
Cal Clutterbuck 1 1 2 1 4 2 0 1 0 0 0/0 12:05 0:08 1:28
Danny DeKeiser 0 2 2 2 0 1 0 0 1 0 0/0 28:37 2:23 3:47
Derek Stepan 1 2 3 2 0 2 1 1 1 1 7/14 16:18 2:12 1:38
Jamie Benn 0 0 0 -1 2 0 0 1 0 0 0/1 20:39 2:08 2:54
JT Compher 0 0 0 0 0 1 0 0 0 0 0/1 8:08 0:00 0:00
Justin Schultz 0 0 0 -1 2 3 2 2 0 1 0/0 20:30 3:18 2:04
Keith Aulie 0 0 0 2 0 2 2 1 2 1 0/0 28:35 2:23 3:47
Marcus Foligno 1 0 1 1 0 2 4 0 0 0 1/1 15:43 2:12 1:12
Marcus Johansson 1 3 4 2 0 4 0 0 1 0 0/0 17:27 3:32 1:07
Nick Leddy 0 0 0 1 0 0 2 0 0 2 0/0 10:17 0:00 0:00
Oscar Klefbom 0 2 2 -1 0 1 1 2 0 2 0/0 21:12 3:18 2:54
Pavel Zacha 0 0 0 0 0 0 0 1 0 0 0/0 8:08 0:00 0:00
Sebastian Aho 0 0 0 0 0 0 0 0 0 1 0/4 8:29 0:08 0:00
Tomas Nosek 0 0 0 1 0 1 1 0 0 0 2/2 11:24 0:00 1:12
Players Stats for Predators
Player Name G A P +/- PIM S H SB GA TA FO MP PP MP PK MP
------------------------------------------------------------------------------------
Alexander Edler 0 1 1 -1 0 2 0 0 0 0 0/0 28:21 3:16 3:46
Alexander Ovechkin 2 0 2 -1 2 2 2 0 1 1 1/2 23:10 3:46 2:29
Andy Miele 0 0 0 0 0 1 2 0 2 0 14/26 21:41 3:49 1:42
Jack Eichel 0 0 0 -1 0 3 2 0 0 0 5/9 13:59 2:47 0:22
Jaden Schwartz 0 0 0 -2 4 1 1 0 2 0 0/1 16:01 2:50 1:55
John Moore 0 0 0 -1 0 0 1 1 0 2 0/0 20:30 3:25 1:55
Josh Morrissey 0 0 0 0 0 2 1 1 2 1 0/0 11:09 0:00 0:00
Justin Abdelkader 0 0 0 0 4 1 2 1 0 0 0/1 12:52 0:03 1:08
Justin Faulk 0 0 0 -1 0 2 1 1 1 1 0/0 20:30 3:25 1:55
Mark Pysyk 0 0 0 0 0 1 2 0 0 1 0/0 11:45 0:05 0:00
Matt Stajan 0 0 0 0 0 2 1 0 1 0 1/2 11:45 0:05 0:00
Mikael Granlund 0 1 1 -1 0 3 2 2 0 0 6/10 24:34 3:51 3:34
Mike Brown 0 0 0 0 0 1 0 0 0 0 0/0 7:53 0:00 0:00
Nate Schmidt 0 0 0 0 0 2 0 0 0 0 0/0 11:09 0:00 0:00
Nicolas Kerdiles 0 0 0 0 0 0 0 0 0 0 0/0 8:05 0:00 0:12
Reilly Smith 0 0 0 -1 0 2 2 0 1 0 0/0 13:21 2:47 0:00
Ryan Mcdonagh 0 0 0 -1 0 1 0 2 1 3 0/0 28:21 3:16 3:46
Scott Laughton 0 1 1 0 0 1 0 0 0 0 3/4 7:53 0:00 0:00
3 Stars
1 - Marcus Johansson (Pit)
2 - Derek Stepan (Pit)
3 - Marcus Foligno (Pit)
Power Play
Penguins - 2 on 5 Attempt(s) - 40.00%
Predators - 0 on 4 Attempt(s) - 0.00%
Penalty Kill
Penguins - 4 on 4 Attempt(s) - 100.00%
- Score 1 goal in Penalty Kill
Predators - 3 on 5 Attempt(s) - 60.00%
- Score 0 goal in Penalty Kill
Team Stat
Penguins - Hits : 18 - Faceoff Wins : 25 - Blocked Shots : 11 - Penalty Minutes : 8
Predators - Hits : 19 - Faceoff Wins : 30 - Blocked Shots : 8 - Penalty Minutes : 10
Official
Referees : Garrett Rank and Trevor Hanson
Linesman : Ryan Galloway and Scott Cherrey
Game Notes
Jaroslav Halak enters game at 16:26 of 2nd period
Finance
Level 1 -- Attendance: 6000 (100.00%) -- Ticket Income $600,000
Level 2 -- Attendance: 5000 (100.00%) -- Ticket Income $300,000
Level 3 -- Attendance: 1949 (97.45%) -- Ticket Income $68,215
Level 4 -- Attendance: 3726 (93.15%) -- Ticket Income $93,150
Luxury Box -- Attendance: 1000 (100.00%) -- Ticket Income $200,000
Game was played at the Bridgestone arena.
Total Attendance: 17675 (98.19%)
Total Ticket Income: $1,261,365
Other Income: $189,205
Total Income: $1,450,570
Penguins
5 vs 5 Forward
Center Left Wing Right Wing Time % Phy DF OF
1 Anze Kopitar Jamie Benn Brendan Gallagher 40 1 2 2
2 Derek Stepan Marcus Johansson Marcus Foligno 30 1 2 2
3 Tomas Nosek Brandon Tanev Cal Clutterbuck 20 1 2 2
4 Sebastian Aho Pavel Zacha JT Compher 10 1 2 2
5 vs 5 Defense
Defense Defense Time % Phy DF OF
1 Danny DeKeiser Keith Aulie 40 1 2 2
2 Oscar Klefbom Justin Schultz 30 1 2 2
3 Nick Leddy Ben Lovejoy 20 1 2 2
4 Danny DeKeiser Keith Aulie 10 1 2 2
PowerPlay Forward
Center Left Wing Right Wing Time % Phy DF OF
1 Anze Kopitar Marcus Johansson Brendan Gallagher 60 1 2 2
2 Derek Stepan Jamie Benn Marcus Foligno 40 1 2 2
PowerPlay Defense
Defense Defense Time % Phy DF OF
1 Danny DeKeiser Keith Aulie 60 1 2 2
2 Oscar Klefbom Justin Schultz 40 1 2 2
Penalty Kill 4 Players Forward
Center Wing Time % Phy DF OF
1 Anze Kopitar Cal Clutterbuck 60 1 2 2
2 Tomas Nosek Marcus Foligno 40 1 2 2
Penalty Kill 4 Players Defense
Defense Defense Time % Phy DF OF
1 Danny DeKeiser Keith Aulie 60 1 2 2
2 Oscar Klefbom Justin Schultz 40 1 2 2
Penalty Kill - 3 Players Forward
Forward Time % Phy DF OF
1 Cal Clutterbuck 60 1 2 2
2 Tomas Nosek 40 1 2 2
Penalty Kill - 3 Players Defense
Defense Defense Time % Phy DF OF
1 Danny DeKeiser Keith Aulie 60 1 2 2
2 Oscar Klefbom Justin Schultz 40 1 2 2
4 vs 4 Forward
Center Wing Time % Phy DF OF
1 Anze Kopitar Brendan Gallagher 60 1 2 2
2 Derek Stepan Marcus Johansson 40 1 2 2
4 vs 4 Defense
Defense Defense Time % Phy DF OF
1 Danny DeKeiser Keith Aulie 60 1 2 2
2 Oscar Klefbom Justin Schultz 40 1 2 2
Last Minutes Offensive
Center Left Wing Right Wing Defense Defense
Anze Kopitar Jamie Benn Brendan Gallagher Danny DeKeiser Keith Aulie
Last Minutes Defensive
Center Left Wing Right Wing Defense Defense
Tomas Nosek Brandon Tanev Cal Clutterbuck Danny DeKeiser Keith Aulie
Goaltenders
Starting : Andrei Vasilevskiy
Backup : Viktor Fasth
Extra Forwards
Normal : Brendan Gallagher, Marcus Johansson, Cal Clutterbuck - PP : Brendan Gallagher, Marcus Johansson - PK : Anze Kopitar
Extra Defensemen
Normal : Danny DeKeiser, Justin Schultz, Ben Lovejoy - PP : Nick Leddy - PK : Danny DeKeiser, Justin Schultz
Penalty Shots
Anze Kopitar, Derek Stepan, Brendan Gallagher, Marcus Johansson, Marcus Foligno
Scratches
Thomas Vanek (Healthy)
Predators
5 vs 5 Forward
Center Left Wing Right Wing Time % Phy DF OF
1 Andy Miele Alexander Ovechkin Mikael Granlund 40 1 2 2
2 Jack Eichel Jaden Schwartz Reilly Smith 30 1 2 2
3 Matt Stajan Justin Abdelkader Mark Pysyk 20 1 2 2
4 Scott Laughton Nicolas Kerdiles Mike Brown 10 1 2 2
5 vs 5 Defense
Defense Defense Time % Phy DF OF
1 Ryan Mcdonagh Alexander Edler 40 1 2 2
2 John Moore Justin Faulk 30 1 2 2
3 Nate Schmidt Josh Morrissey 20 1 2 2
4 Ryan Mcdonagh Alexander Edler 10 1 2 2
PowerPlay Forward
Center Left Wing Right Wing Time % Phy DF OF
1 Andy Miele Alexander Ovechkin Mikael Granlund 60 1 2 2
2 Jack Eichel Jaden Schwartz Reilly Smith 40 1 2 2
PowerPlay Defense
Defense Defense Time % Phy DF OF
1 Ryan Mcdonagh Alexander Edler 60 1 2 2
2 John Moore Justin Faulk 40 1 2 2
Penalty Kill 4 Players Forward
Center Wing Time % Phy DF OF
1 Mikael Granlund Alexander Ovechkin 60 1 2 2
2 Jaden Schwartz Andy Miele 40 1 2 2
Penalty Kill 4 Players Defense
Defense Defense Time % Phy DF OF
1 Ryan Mcdonagh Alexander Edler 60 1 2 2
2 John Moore Justin Faulk 40 1 2 2
Penalty Kill - 3 Players Forward
Forward Time % Phy DF OF
1 Mikael Granlund 60 1 2 2
2 Alexander Ovechkin 40 1 2 2
Penalty Kill - 3 Players Defense
Defense Defense Time % Phy DF OF
1 Ryan Mcdonagh Alexander Edler 60 1 2 2
2 John Moore Justin Faulk 40 1 2 2
4 vs 4 Forward
Center Wing Time % Phy DF OF
1 Mikael Granlund Alexander Ovechkin 60 1 2 2
2 Jaden Schwartz Andy Miele 40 1 2 2
4 vs 4 Defense
Defense Defense Time % Phy DF OF
1 Ryan Mcdonagh Alexander Edler 60 1 2 2
2 John Moore Justin Faulk 40 1 2 2
Last Minutes Offensive
Center Left Wing Right Wing Defense Defense
Andy Miele Alexander Ovechkin Mikael Granlund Ryan Mcdonagh Alexander Edler
Last Minutes Defensive
Center Left Wing Right Wing Defense Defense
Andy Miele Alexander Ovechkin Mikael Granlund Ryan Mcdonagh Alexander Edler
Goaltenders
Starting : Kari Lehtonen
Backup : Jaroslav Halak
Extra Forwards
Normal : Matt Stajan, Mark Pysyk, Justin Abdelkader - PP : Matt Stajan, Mark Pysyk - PK : Justin Abdelkader
Extra Defensemen
Normal : Nate Schmidt, Josh Morrissey, John Moore - PP : Nate Schmidt - PK : Josh Morrissey, John Moore
Penalty Shots
Mikael Granlund, Alexander Ovechkin, Jaden Schwartz, Andy Miele, Reilly Smith
Scratches
None
% Time on Ice - Penguins
Lines # - Real PCT - Wanted PCT - Time Play
Normal Forward
1 - 34% - 40% - 15:57
2 - 27% - 30% - 12:19
3 - 22% - 20% - 9:59
4 - 18% - 10% - 8:08
Normal Defense
1 - 42% - 40% - 19:31
2 - 32% - 30% - 14:54
3 - 22% - 20% - 10:17
4 - 4% - 10% - 1:41
PP Forward
1 - 61% - 60% - 3:29
2 - 39% - 40% - 2:12
PP Defense
1 - 42% - 60% - 2:23
2 - 58% - 40% - 3:18
PK Forward
1 - 82% - 60% - 5:27
2 - 18% - 40% - 1:14
PK Defense
1 - 53% - 60% - 3:33
2 - 47% - 40% - 3:08
PK3 Forward
1 - 0% - 60%
2 - 0% - 40%
PK3 Defense
1 - 0% - 60%
2 - 0% - 40%
44 Forward
1 - 71% - 60% - 0:53
2 - 29% - 40% - 0:22
44 Defense
1 - 93% - 60% - 1:10
2 - 7% - 40% - 0:05
Last Minute Offensive - 0:00
Last Minute Defensive - 0:00
Total
Forward - 60:00
Defense - 60:00
|
% Time on Ice - Predators
Lines # - Real PCT - Wanted PCT - Time Play
Normal Forward
1 - 36% - 40% - 16:29
2 - 23% - 30% - 10:34
3 - 25% - 20% - 11:27
4 - 17% - 10% - 7:53
Normal Defense
1 - 41% - 40% - 19:14
2 - 32% - 30% - 14:39
3 - 24% - 20% - 11:09
4 - 3% - 10% - 1:21
PP Forward
1 - 58% - 60% - 3:51
2 - 42% - 40% - 2:50
PP Defense
1 - 49% - 60% - 3:16
2 - 51% - 40% - 3:25
PK Forward
1 - 90% - 60% - 5:08
2 - 10% - 40% - 0:33
PK Defense
1 - 66% - 60% - 3:46
2 - 34% - 40% - 1:55
PK3 Forward
1 - 0% - 60%
2 - 0% - 40%
PK3 Defense
1 - 0% - 60%
2 - 0% - 40%
44 Forward
1 - 75% - 60% - 0:56
2 - 25% - 40% - 0:19
44 Defense
1 - 59% - 60% - 0:44
2 - 41% - 40% - 0:31
Last Minute Offensive - 0:00
Last Minute Defensive - 0:00
Total
Forward - 60:00
Defense - 60:00
|
Play-by-Play
1st period
0:01 of 1st period - Andy Miele wins face-off versus Anze Kopitar in neutral zone.
0:56 of 1st period - Slapshot by Mark Pysyk.
0:56 of 1st period - Shot Blocked by Cal Clutterbuck.
1:06 of 1st period - Wrist shot by JT Compher.
1:06 of 1st period - Shot Misses the Net.
1:36 of 1st period - Snap shot by Alexander Ovechkin.
1:36 of 1st period - Goal by Alexander Ovechkin - Penguins : 0 - Predators : 1.
1:37 of 1st period - Jack Eichel wins face-off versus Derek Stepan in neutral zone.
1:44 of 1st period - Slapshot by Jaden Schwartz.
1:44 of 1st period - Stopped by Andrei Vasilevskiy with a rebound.
1:46 of 1st period - Snap shot by Jack Eichel.
1:46 of 1st period - Stopped by Andrei Vasilevskiy with a rebound.
1:48 of 1st period - Wrist shot by Reilly Smith.
1:48 of 1st period - Shot Misses the Net.
1:50 of 1st period - Slapshot by Nate Schmidt.
1:50 of 1st period - Stopped by Andrei Vasilevskiy with a rebound.
1:52 of 1st period - Slapshot by Josh Morrissey.
1:52 of 1st period - Stopped by Andrei Vasilevskiy with a rebound.
1:54 of 1st period - Slapshot by Nate Schmidt.
1:54 of 1st period - Shot Blocked by Derek Stepan.
2:04 of 1st period - Nick Leddy is hit by Mark Pysyk and loses puck.
2:47 of 1st period - Wrist shot by Alexander Ovechkin.
2:47 of 1st period - Goal by Alexander Ovechkin - Penguins : 0 - Predators : 2.
2:48 of 1st period - Anze Kopitar wins face-off versus Andy Miele in neutral zone.
3:14 of 1st period - Tomas Nosek is hit by Reilly Smith and loses puck.
5:20 of 1st period - Off-side.
5:21 of 1st period - Scott Laughton wins face-off versus Derek Stepan in neutral zone.
5:38 of 1st period - Wrist shot by Marcus Johansson.
5:38 of 1st period - Shot Misses the Net.
7:41 of 1st period - Oscar Klefbom is hit by Jaden Schwartz and loses puck.
8:15 of 1st period - Wrist shot by Pavel Zacha.
8:15 of 1st period - Shot Misses the Net.
8:17 of 1st period - Slapshot by Oscar Klefbom.
8:17 of 1st period - Stopped by Kari Lehtonen without a rebound.
8:18 of 1st period - Anze Kopitar wins face-off versus Andy Miele in Predators zone.
8:29 of 1st period - Slapshot by Anze Kopitar.
8:29 of 1st period - Deflect By Andy Miele.
8:29 of 1st period - Shot Blocked by Josh Morrissey.
8:29 of 1st period - Puck is out of play.
8:30 of 1st period - Anze Kopitar wins face-off versus Andy Miele in Predators zone.
9:16 of 1st period - Snap shot by Anze Kopitar.
9:16 of 1st period - Stopped by Kari Lehtonen with a rebound.
9:18 of 1st period - Wrist shot by Anze Kopitar.
9:18 of 1st period - Stopped by Kari Lehtonen with a rebound.
9:22 of 1st period - Snap shot by Brendan Gallagher.
9:22 of 1st period - Stopped by Kari Lehtonen with a rebound.
10:26 of 1st period - Slapshot by Anze Kopitar.
10:26 of 1st period - Shot Blocked by Justin Faulk.
10:28 of 1st period - Wrist shot by Danny DeKeiser.
10:28 of 1st period - Stopped by Kari Lehtonen without a rebound.
10:29 of 1st period - Derek Stepan wins face-off versus Andy Miele in Predators zone.
11:10 of 1st period - Slapshot by Cal Clutterbuck.
11:10 of 1st period - Deflect By Alexander Edler.
11:10 of 1st period - Stopped by Kari Lehtonen without a rebound.
11:11 of 1st period - Scott Laughton wins face-off versus Sebastian Aho in Predators zone.
11:22 of 1st period - Snap shot by JT Compher.
11:22 of 1st period - Stopped by Kari Lehtonen without a rebound.
11:23 of 1st period - Alexander Ovechkin wins face-off versus Derek Stepan in Predators zone.
12:02 of 1st period - Wrist shot by Reilly Smith.
12:02 of 1st period - Stopped by Andrei Vasilevskiy with a rebound.
12:57 of 1st period - Snap shot by Andy Miele.
12:57 of 1st period - Stopped by Andrei Vasilevskiy with a rebound.
13:03 of 1st period - Minor Penalty to Cal Clutterbuck for Holding Stick.
13:04 of 1st period - Andy Miele wins face-off versus Anze Kopitar in Penguins zone.
13:17 of 1st period - Slapshot by Alexander Ovechkin.
13:17 of 1st period - Shot Blocked by Oscar Klefbom.
13:19 of 1st period - Wrist shot by Alexander Edler.
13:19 of 1st period - Stopped by Andrei Vasilevskiy without a rebound.
13:20 of 1st period - Andy Miele wins face-off versus Jamie Benn in Penguins zone.
14:13 of 1st period - Justin Schultz is hit by John Moore and loses puck.
15:03 of 1st period - Penalty to Cal Clutterbuck is over, Cal Clutterbuck is back on ice.
15:19 of 1st period - Snap shot by John Moore.
15:19 of 1st period - Shot Blocked by Anze Kopitar.
15:21 of 1st period - Slapshot by Matt Stajan.
15:21 of 1st period - Deflect By Anze Kopitar.
15:21 of 1st period - Shot Blocked by Anze Kopitar.
15:21 of 1st period - Puck is out of play.
15:22 of 1st period - Matt Stajan wins face-off versus Sebastian Aho in Penguins zone.
15:23 of 1st period - Snap shot by Mark Pysyk.
15:23 of 1st period - Deflect By Justin Abdelkader.
15:23 of 1st period - Stopped by Andrei Vasilevskiy with a rebound.
15:25 of 1st period - Slapshot by Nate Schmidt.
15:25 of 1st period - Stopped by Andrei Vasilevskiy with a rebound.
15:37 of 1st period - Slapshot by Mark Pysyk.
15:37 of 1st period - Shot Blocked by Justin Schultz.
15:39 of 1st period - Slapshot by Josh Morrissey.
15:39 of 1st period - Shot Misses the Net.
15:48 of 1st period - Minor Penalty to Justin Abdelkader for Tripping.
15:49 of 1st period - Mikael Granlund wins face-off versus Anze Kopitar in Predators zone.
16:05 of 1st period - Slapshot by Keith Aulie.
16:05 of 1st period - Stopped by Kari Lehtonen with a rebound.
16:15 of 1st period - Ryan Mcdonagh is hit by Keith Aulie and loses puck.
17:48 of 1st period - Penalty to Justin Abdelkader is over, Justin Abdelkader is back on ice.
19:15 of 1st period - Icing by Anze Kopitar.
19:16 of 1st period - Anze Kopitar wins face-off versus Andy Miele in Penguins zone.
19:16 of 1st period - Anze Kopitar is hit by Mikael Granlund.
19:21 of 1st period - Oscar Klefbom is hit by Andy Miele and loses puck.
19:41 of 1st period - Icing by Oscar Klefbom.
19:42 of 1st period - Derek Stepan wins face-off versus Andy Miele in Penguins zone.
19:47 of 1st period - Andy Miele is hit by Marcus Foligno and loses puck.
19:55 of 1st period - Off-side.
19:56 of 1st period - Anze Kopitar wins face-off versus Jack Eichel in neutral zone.
Goals for this period are 0 for Penguins vs 2 for Predators.
Shots for this period are 8 for Penguins vs 11 for Predators.
2nd period
0:01 of 2nd period - Jack Eichel wins face-off versus Anze Kopitar in neutral zone.
0:14 of 2nd period - Snap shot by Jaden Schwartz.
0:14 of 2nd period - Shot Misses the Net.
0:16 of 2nd period - Slapshot by Jack Eichel.
0:16 of 2nd period - Stopped by Andrei Vasilevskiy with a rebound.
0:36 of 2nd period - Marcus Foligno is hit by Mikael Granlund and loses puck.
0:52 of 2nd period - Minor Penalty to Justin Abdelkader for Roughing.
0:53 of 2nd period - Mikael Granlund wins face-off versus Anze Kopitar in Predators zone.
1:03 of 2nd period - Snap shot by Anze Kopitar.
1:03 of 2nd period - Shot Blocked by Mikael Granlund.
1:05 of 2nd period - Snap shot by Brendan Gallagher.
1:05 of 2nd period - Shot Misses the Net.
1:23 of 2nd period - Andy Miele is hit by Justin Schultz and loses puck.
1:36 of 2nd period - Minor Penalty to Jamie Benn for Hooking.
1:37 of 2nd period - Anze Kopitar wins face-off versus Mikael Granlund in Penguins zone.
1:37 of 2nd period - Anze Kopitar is hit by Alexander Ovechkin.
1:47 of 2nd period - Wrist shot by Brendan Gallagher.
1:47 of 2nd period - Stopped by Kari Lehtonen with a rebound.
1:49 of 2nd period - Wrist shot by Anze Kopitar.
1:49 of 2nd period - Deflect By Brendan Gallagher.
1:49 of 2nd period - Shot Misses the Net.
1:49 of 2nd period - Puck is out of play.
1:50 of 2nd period - Anze Kopitar wins face-off versus Mikael Granlund in Predators zone.
1:55 of 2nd period - Wrist shot by Anze Kopitar.
1:55 of 2nd period - Stopped by Kari Lehtonen without a rebound.
1:56 of 2nd period - Anze Kopitar wins face-off versus Mikael Granlund in Predators zone.
2:52 of 2nd period - Penalty to Justin Abdelkader is over, Justin Abdelkader is back on ice.
3:36 of 2nd period - Penalty to Jamie Benn is over, Jamie Benn is back on ice.
3:41 of 2nd period - Sebastian Aho is hit by Justin Abdelkader and loses puck.
4:23 of 2nd period - Minor Penalty to Jaden Schwartz for Slashing.
4:24 of 2nd period - Anze Kopitar wins face-off versus Mikael Granlund in Predators zone.
4:27 of 2nd period - Slapshot by Anze Kopitar.
4:27 of 2nd period - Stopped by Kari Lehtonen with a rebound.
4:37 of 2nd period - Wrist shot by Anze Kopitar.
4:37 of 2nd period - Stopped by Kari Lehtonen without a rebound.
4:38 of 2nd period - Mikael Granlund wins face-off versus Anze Kopitar in Predators zone.
4:38 of 2nd period - Mikael Granlund is hit by Brendan Gallagher.
4:47 of 2nd period - Off-side.
4:48 of 2nd period - Mikael Granlund wins face-off versus Anze Kopitar in neutral zone.
5:19 of 2nd period - Snap shot by Brendan Gallagher.
5:19 of 2nd period - Goal by Brendan Gallagher - Penguins : 1 - Predators : 2.
5:20 of 2nd period - Andy Miele wins face-off versus Anze Kopitar in neutral zone.
5:42 of 2nd period - Minor Penalty to Alexander Ovechkin for Holding.
5:43 of 2nd period - Mikael Granlund wins face-off versus Anze Kopitar in Predators zone.
6:10 of 2nd period - Ryan Mcdonagh is hit by Marcus Foligno and loses puck.
6:23 of 2nd period - Justin Faulk is hit by Justin Schultz.
7:42 of 2nd period - Penalty to Alexander Ovechkin is over, Alexander Ovechkin is back on ice.
7:46 of 2nd period - Snap shot by Danny DeKeiser.
7:46 of 2nd period - Shot Misses the Net.
7:48 of 2nd period - Wrist shot by Brandon Tanev.
7:48 of 2nd period - Shot Blocked by Ryan Mcdonagh.
7:50 of 2nd period - Snap shot by Cal Clutterbuck.
7:50 of 2nd period - Deflect By Brandon Tanev.
7:50 of 2nd period - Goal by Brandon Tanev - Penguins : 2 - Predators : 2.
7:51 of 2nd period - Tomas Nosek wins face-off versus Scott Laughton in neutral zone.
8:02 of 2nd period - Snap shot by Cal Clutterbuck.
8:02 of 2nd period - Goal by Cal Clutterbuck - Penguins : 3 - Predators : 2.
8:03 of 2nd period - Andy Miele wins face-off versus Anze Kopitar in neutral zone.
8:13 of 2nd period - Alexander Edler is hit by Anze Kopitar.
8:19 of 2nd period - Danny DeKeiser is hit by Alexander Ovechkin and loses puck.
8:34 of 2nd period - Snap shot by Jack Eichel.
8:34 of 2nd period - Stopped by Andrei Vasilevskiy with a rebound.
9:34 of 2nd period - Brendan Gallagher is hit by Justin Faulk and loses puck.
9:41 of 2nd period - Jack Eichel is hit by Nick Leddy and loses puck.
10:20 of 2nd period - Slapshot by Keith Aulie.
10:20 of 2nd period - Shot Misses the Net.
10:28 of 2nd period - Keith Aulie is hit by Mark Pysyk and loses puck.
11:02 of 2nd period - Marcus Foligno is hit by Andy Miele and loses puck.
11:41 of 2nd period - Minor Penalty to Justin Schultz for Hooking.
11:42 of 2nd period - Anze Kopitar wins face-off versus Andy Miele in Penguins zone.
13:41 of 2nd period - Penalty to Justin Schultz is over, Justin Schultz is back on ice.
13:42 of 2nd period - Mikael Granlund is hit by Keith Aulie and loses puck.
13:51 of 2nd period - Snap shot by Marcus Foligno.
13:51 of 2nd period - Shot Misses the Net.
13:53 of 2nd period - Wrist shot by Tomas Nosek.
13:53 of 2nd period - Stopped by Kari Lehtonen without a rebound.
13:54 of 2nd period - Scott Laughton wins face-off versus Sebastian Aho in Predators zone.
14:28 of 2nd period - Wrist shot by JT Compher.
14:28 of 2nd period - Shot Blocked by Justin Abdelkader.
14:31 of 2nd period - Icing by Alexander Edler.
14:32 of 2nd period - Anze Kopitar wins face-off versus Matt Stajan in Predators zone.
14:45 of 2nd period - Snap shot by Mark Pysyk.
14:45 of 2nd period - Stopped by Andrei Vasilevskiy with a rebound.
14:47 of 2nd period - Slapshot by Ryan Mcdonagh.
14:47 of 2nd period - Stopped by Andrei Vasilevskiy without a rebound.
14:48 of 2nd period - Derek Stepan wins face-off versus Alexander Ovechkin in Penguins zone.
15:15 of 2nd period - Ryan Mcdonagh is hit by Tomas Nosek and loses puck.
15:20 of 2nd period - Wrist shot by Cal Clutterbuck.
15:20 of 2nd period - Shot Misses the Net.
15:34 of 2nd period - Minor Penalty to Cal Clutterbuck for Tripping.
15:35 of 2nd period - Andy Miele wins face-off versus Anze Kopitar in Penguins zone.
16:26 of 2nd period - Wrist shot by Marcus Johansson.
16:26 of 2nd period - Goal by Marcus Johansson - Penguins : 4 - Predators : 2.
16:26 of 2nd period - Jaroslav Halak enters game.
16:27 of 2nd period - Anze Kopitar wins face-off versus Jack Eichel in neutral zone.
16:30 of 2nd period - Reilly Smith is hit by Oscar Klefbom and loses puck.
16:37 of 2nd period - Snap shot by Jack Eichel.
16:37 of 2nd period - Shot Blocked by Justin Schultz.
16:39 of 2nd period - Slapshot by Alexander Edler.
16:39 of 2nd period - Stopped by Andrei Vasilevskiy with a rebound.
16:41 of 2nd period - Snap shot by Reilly Smith.
16:41 of 2nd period - Shot Blocked by Jamie Benn.
16:43 of 2nd period - Wrist shot by Reilly Smith.
16:43 of 2nd period - Shot Misses the Net.
17:34 of 2nd period - Penalty to Cal Clutterbuck is over, Cal Clutterbuck is back on ice.
18:27 of 2nd period - Wrist shot by Brandon Tanev.
18:27 of 2nd period - Shot Misses the Net.
18:38 of 2nd period - Backhand shot by Scott Laughton.
18:38 of 2nd period - Stopped by Andrei Vasilevskiy with a rebound.
18:40 of 2nd period - Snap shot by Mike Brown.
18:40 of 2nd period - Stopped by Andrei Vasilevskiy without a rebound.
18:41 of 2nd period - Andy Miele wins face-off versus Anze Kopitar in Penguins zone.
18:50 of 2nd period - Slapshot by Nick Leddy.
18:50 of 2nd period - Deflect By Jamie Benn.
18:50 of 2nd period - Shot Misses the Net.
18:50 of 2nd period - Puck is out of play.
18:51 of 2nd period - Andy Miele wins face-off versus Anze Kopitar in Predators zone.
18:51 of 2nd period - Andy Miele is hit by Ben Lovejoy.
19:32 of 2nd period - Ryan Mcdonagh is hit by Marcus Foligno and loses puck.
19:47 of 2nd period - Slapshot by Keith Aulie.
19:47 of 2nd period - Stopped by Jaroslav Halak without a rebound.
19:48 of 2nd period - Andy Miele wins face-off versus Sebastian Aho in Predators zone.
Goals for this period are 4 for Penguins vs 0 for Predators.
Shots for this period are 10 for Penguins vs 7 for Predators.
3rd period
0:01 of 3rd period - Anze Kopitar wins face-off versus Andy Miele in neutral zone.
1:44 of 3rd period - Wrist shot by Brendan Gallagher.
1:44 of 3rd period - Shot Blocked by Ryan Mcdonagh.
1:46 of 3rd period - Backhand shot by Ben Lovejoy.
1:46 of 3rd period - Stopped by Jaroslav Halak without a rebound.
1:47 of 3rd period - Anze Kopitar wins face-off versus Jaden Schwartz in Predators zone.
1:52 of 3rd period - Snap shot by Brendan Gallagher.
1:52 of 3rd period - Shot Misses the Net.
2:26 of 3rd period - Wrist shot by Mark Pysyk.
2:26 of 3rd period - Shot Blocked by Keith Aulie.
2:28 of 3rd period - Slapshot by Justin Abdelkader.
2:28 of 3rd period - Shot Misses the Net.
2:58 of 3rd period - Brendan Gallagher is hit by Jack Eichel and loses puck.
3:05 of 3rd period - Snap shot by Reilly Smith.
3:05 of 3rd period - Stopped by Andrei Vasilevskiy without a rebound.
3:06 of 3rd period - Andy Miele wins face-off versus Derek Stepan in Penguins zone.
3:43 of 3rd period - Snap shot by Cal Clutterbuck.
3:43 of 3rd period - Shot Blocked by John Moore.
3:53 of 3rd period - Slapshot by Justin Faulk.
3:53 of 3rd period - Stopped by Andrei Vasilevskiy with a rebound.
3:55 of 3rd period - Snap shot by Justin Abdelkader.
3:55 of 3rd period - Shot Misses the Net.
4:03 of 3rd period - Snap shot by Mark Pysyk.
4:03 of 3rd period - Shot Misses the Net.
5:45 of 3rd period - Justin Schultz is hit by Reilly Smith and loses puck.
6:36 of 3rd period - Snap shot by Matt Stajan.
6:36 of 3rd period - Stopped by Andrei Vasilevskiy with a rebound.
6:44 of 3rd period - Ryan Mcdonagh is hit by Brendan Gallagher and loses puck.
6:51 of 3rd period - Snap shot by Anze Kopitar.
6:51 of 3rd period - Deflect By Alexander Edler.
6:51 of 3rd period - Shot Misses the Net.
6:51 of 3rd period - Puck is out of play.
6:52 of 3rd period - Marcus Foligno wins face-off versus Andy Miele in Predators zone.
7:51 of 3rd period - Slapshot by Justin Schultz.
7:51 of 3rd period - Stopped by Jaroslav Halak with a rebound.
8:49 of 3rd period - Snap shot by Scott Laughton.
8:49 of 3rd period - Shot Misses the Net.
8:51 of 3rd period - Slapshot by Josh Morrissey.
8:51 of 3rd period - Stopped by Andrei Vasilevskiy with a rebound.
9:51 of 3rd period - Marcus Foligno is hit by Justin Abdelkader and loses puck.
10:04 of 3rd period - Cal Clutterbuck is hit by Josh Morrissey and loses puck.
10:48 of 3rd period - Slapshot by Justin Schultz.
10:48 of 3rd period - Shot Misses the Net.
10:57 of 3rd period - Icing by Pavel Zacha.
10:58 of 3rd period - Andy Miele wins face-off versus JT Compher in Penguins zone.
10:59 of 3rd period - Snap shot by Mikael Granlund.
10:59 of 3rd period - Stopped by Andrei Vasilevskiy with a rebound.
11:01 of 3rd period - Snap shot by Mark Pysyk.
11:01 of 3rd period - Shot Misses the Net.
11:03 of 3rd period - Wrist shot by Mark Pysyk.
11:03 of 3rd period - Shot Blocked by Pavel Zacha.
11:09 of 3rd period - JT Compher is hit by Matt Stajan and loses puck.
11:48 of 3rd period - Jack Eichel is hit by Brendan Gallagher and loses puck.
13:06 of 3rd period - Icing by Jamie Benn.
13:07 of 3rd period - Jack Eichel wins face-off versus Anze Kopitar in Penguins zone.
13:40 of 3rd period - Wrist shot by Marcus Johansson.
13:40 of 3rd period - Stopped by Jaroslav Halak with a rebound.
13:42 of 3rd period - Slapshot by Marcus Foligno.
13:42 of 3rd period - Goal by Marcus Foligno - Penguins : 5 - Predators : 2.
13:43 of 3rd period - Anze Kopitar wins face-off versus Andy Miele in neutral zone.
13:48 of 3rd period - Slapshot by Justin Schultz.
13:48 of 3rd period - Stopped by Jaroslav Halak with a rebound.
14:00 of 3rd period - Wrist shot by Alexander Ovechkin.
14:00 of 3rd period - Shot Misses the Net.
14:07 of 3rd period - Icing by Justin Schultz.
14:08 of 3rd period - Derek Stepan wins face-off versus Jack Eichel in Penguins zone.
14:08 of 3rd period - Derek Stepan is hit by Jack Eichel.
14:16 of 3rd period - Wrist shot by Marcus Foligno.
14:16 of 3rd period - Stopped by Jaroslav Halak with a rebound.
14:22 of 3rd period - Snap shot by Marcus Johansson.
14:22 of 3rd period - Shot Misses the Net.
14:24 of 3rd period - Wrist shot by Derek Stepan.
14:24 of 3rd period - Stopped by Jaroslav Halak with a rebound.
14:47 of 3rd period - Mikael Granlund is hit by Nick Leddy.
15:23 of 3rd period - Slapshot by Matt Stajan.
15:23 of 3rd period - Stopped by Andrei Vasilevskiy without a rebound.
15:24 of 3rd period - Andy Miele wins face-off versus Derek Stepan in Penguins zone.
16:02 of 3rd period - Snap shot by Jaden Schwartz.
16:02 of 3rd period - Shot Misses the Net.
16:22 of 3rd period - Snap shot by JT Compher.
16:22 of 3rd period - Shot Misses the Net.
16:38 of 3rd period - Snap shot by Marcus Johansson.
16:38 of 3rd period - Stopped by Jaroslav Halak with a rebound.
16:40 of 3rd period - Snap shot by Marcus Johansson.
16:40 of 3rd period - Stopped by Jaroslav Halak without a rebound.
16:41 of 3rd period - Andy Miele wins face-off versus Derek Stepan in Predators zone.
16:48 of 3rd period - Slapshot by Justin Faulk.
16:48 of 3rd period - Deflect By Justin Schultz.
16:48 of 3rd period - Stopped by Andrei Vasilevskiy with a rebound.
16:50 of 3rd period - Snap shot by Mikael Granlund.
16:50 of 3rd period - Shot Blocked by Oscar Klefbom.
16:52 of 3rd period - Slapshot by Justin Faulk.
16:52 of 3rd period - Shot Misses the Net.
16:54 of 3rd period - Slapshot by Mikael Granlund.
16:54 of 3rd period - Stopped by Andrei Vasilevskiy without a rebound.
16:55 of 3rd period - Mikael Granlund wins face-off versus Anze Kopitar in Penguins zone.
17:07 of 3rd period - Icing by Anze Kopitar.
17:08 of 3rd period - Andy Miele wins face-off versus Anze Kopitar in Penguins zone.
17:48 of 3rd period - Wrist shot by Mikael Granlund.
17:48 of 3rd period - Shot Misses the Net.
18:31 of 3rd period - Snap shot by Brendan Gallagher.
18:31 of 3rd period - Shot Blocked by Mikael Granlund.
18:33 of 3rd period - Slapshot by Justin Schultz.
18:33 of 3rd period - Stopped by Jaroslav Halak without a rebound.
18:34 of 3rd period - Jack Eichel wins face-off versus Derek Stepan in Predators zone.
18:34 of 3rd period - Jack Eichel is hit by Derek Stepan.
18:37 of 3rd period - Minor Penalty to Jaden Schwartz for Holding.
18:38 of 3rd period - Derek Stepan wins face-off versus Justin Abdelkader in Predators zone.
18:40 of 3rd period - Slapshot by Derek Stepan.
18:40 of 3rd period - Goal by Derek Stepan - Penguins : 6 - Predators : 2.
18:41 of 3rd period - Derek Stepan wins face-off versus Jack Eichel in neutral zone.
18:57 of 3rd period - Ryan Mcdonagh is hit by Marcus Foligno and loses puck.
19:10 of 3rd period - Icing by Keith Aulie.
19:11 of 3rd period - Tomas Nosek wins face-off versus Andy Miele in Penguins zone.
19:28 of 3rd period - Wrist shot by Alexander Ovechkin.
19:28 of 3rd period - Shot Misses the Net.
19:30 of 3rd period - Slapshot by Mikael Granlund.
19:30 of 3rd period - Shot Misses the Net.
19:32 of 3rd period - Wrist shot by Mikael Granlund.
19:32 of 3rd period - Stopped by Andrei Vasilevskiy without a rebound.
19:33 of 3rd period - Jack Eichel wins face-off versus Brendan Gallagher in Penguins zone.
19:48 of 3rd period - Snap shot by Jaden Schwartz.
19:48 of 3rd period - Deflect By Reilly Smith.
19:48 of 3rd period - Shot Misses the Net.
19:48 of 3rd period - Puck is out of play.
19:49 of 3rd period - Derek Stepan wins face-off versus Andy Miele in Penguins zone.
Goals for this period are 2 for Penguins vs 0 for Predators.
Shots for this period are 11 for Penguins vs 9 for Predators.